 Dungeon Crawl Stone Soup version 0.21-a0-274-gc1afaeb (webtiles) character file.

10276 motkurip the Fighter (level 11, -2/72 HPs)
             Began as a Gargoyle Fighter on Sept 19, 2017.
             Was an Elder of Uskayaw.
             Slain by a fire elemental (4 damage)
             ... led by Azrael
             ... on level 12 of the Dungeon.
             The game lasted 00:25:07 (5294 turns).

motkurip the Fighter (Gargoyle Fighter)             Turns: 5294, Time: 00:25:08

Health: -2/72      AC: 21    Str: 21    XL:     11   Next: 59%
Magic:  12/12      EV:  8    Int:  8    God:    Uskayaw [****..]
Gold:   963        SH:  0    Dex: 21    Spells: 10/10 levels left

rFire    + . .     SeeInvis .   y - +12 glaive of Prune {chop}
rCold    . . .     Gourm    .   (shield currently unavailable)
rNeg     + . .     Faith    .   G - +0 chain mail
rPois    ∞         Spirit   .   E - +0 helmet
rElec    +         Reflect  .   (no cloak)
rCorr    .         Harm     .   Q - +0 pair of gloves
MR       .....                  (no boots)
Stlth    ..........             C - amulet of regeneration
HPRegen  0.62/turn              o - +5 ring of dexterity
MPRegen  0.13/turn              s - ring of Xom's Sleight of Hands {rPois rF+ Dex+4 Slay+3}

@: no status effects
A: negative energy resistance 1, electricity resistance, unbreathing,
petrification resistance, rot immunity, AC +7
a: Stomp, Line Pass, Renounce Religion


You were on level 12 of the Dungeon.
You worshipped Uskayaw.
Uskayaw was noncommittal.
You were not hungry.

You visited 2 branches of the dungeon, and saw 13 of its levels.
You also visited: Ossuary.

You collected 963 gold pieces.

Inventory:

Hand Weapons
 a - a +0 war axe
 y - the +12 glaive of Prune (weapon) {chop}
   (You found it on level 6 of the Dungeon)

   It inflicts extra damage upon your enemies.
 P - a +4 trident of venom
Armour
 c - a +0 shield
 E - a +0 helmet (worn)
 G - a +0 chain mail (worn)
 Q - a +0 pair of gloves (worn)
 W - the +1 chain mail of Ureesi {*Corrode rPois Str+4 Int+6}
   (You found it on level 11 of the Dungeon)

   It affects your strength (+4).
   It affects your intelligence (+6).
   It protects you from poison.
   It may corrode you when you take damage.
Jewellery
 b - an uncursed amulet of harm {unknown}
 e - an uncursed ring of positive energy
 k - a +2 ring of protection
 o - a +5 ring of dexterity (left hand)
 s - the ring of Xom's Sleight of Hands (right hand) {rPois rF+ Dex+4 Slay+3}
   (You found it on level 5 of the Dungeon)

   [ring of protection from fire]

   It affects your dexterity (+4).
   It affects your accuracy and damage with ranged weapons and melee attacks
   (+3).
   It protects you from fire.
   It protects you from poison.
 C - an amulet of regeneration (around neck)
 I - an uncursed ring of flight {unknown}
Wands
 w - a wand of confusion (14/48)
 x - a wand of acid (8/15)
 z - a wand of polymorph (11/24)
 F - a wand of lightning (5/15)
 L - a wand of random effects (34/48)
 O - a wand of flame (0/48)
 T - a wand of digging (14/24)
Scrolls
 d - 7 scrolls of teleportation
 g - a scroll of brand weapon {unknown}
 i - 3 scrolls of fog
 j - 2 scrolls of random uselessness
 m - 5 scrolls of remove curse {unknown}
 n - 2 scrolls of blinking {unknown}
 q - 2 scrolls of amnesia
 t - 2 scrolls of fear {unknown}
 B - a scroll of summoning
 K - 3 scrolls of immolation
 R - a scroll of enchant armour {unknown}
 Y - a scroll of vulnerability {unknown}
Potions
 h - 5 potions of heal wounds
 l - a potion of lignification
 r - 3 potions of curing
 u - a potion of ambrosia
 v - 2 potions of agility {unknown}
 A - a potion of cancellation {unknown}
 M - 3 potions of brilliance
 N - a potion of flight
 U - a potion of invisibility {unknown}
Books
 D - Sugaum's Catalogue of Confrontation and Calling
   (You found it on level 10 of the Dungeon)

   Spells                             Type                      Level
   a - Summon Butterflies             Summoning                    1
   b - Throw Frost                    Conjuration/Ice              2
   c - Searing Ray                    Conjuration                  2
   d - Conjure Flame                  Conjuration/Fire             3
   e - Recall                         Summoning/Translocation      3
   f - Throw Icicle                   Conjuration/Ice              4
   g - Irradiate                      Conjuration/Transmutation    5
 S - a book of Cantrips

   Spells                             Type                      Level
   a - Confusing Touch                Hexes                        1
   b - Animate Skeleton               Necromancy                   1
   c - Summon Small Mammal            Summoning                    1
   d - Apportation                    Translocation                1
 V - a book of Transfigurations

   Spells                             Type                      Level
   a - Irradiate                      Conjuration/Transmutation    5
   b - Statue Form                    Transmutation/Earth          6
   c - Hydra Form                     Transmutation                6
   d - Dragon Form                    Transmutation                7
Comestibles
 f - 7 bread rations
 p - 4 meat rations
 H - 2 royal jellies
 J - 3 fruits
 X - 2 chunks of flesh


   Skills:
 - Level 10.1 Fighting
 - Level 5.7(8.5) Axes
 + Level 9.6(10.3) Polearms
 - Level 10.0 Armour
 - Level 5.8 Shields
 + Level 2.1 Invocations


You had 10 spell levels left.
You didn't know any spells.

Dungeon Overview and Level Annotations

Branches:
Dungeon (12/15)            Temple (1/1) D:5            Lair (0/6) D:8
    Orc: D:9-12

Altars:
Ashenzari
Cheibriados
Dithmenos
Elyvilon
Fedhas
Hepliaklqana
Kikubaaqudgha
Makhleb
Nemelex Xobeh
Okawaru
Qazlal
Ru
Sif Muna
Trog
Uskayaw
Vehumet
Wu Jian
Xom
Yredelemnul
Zin
The Shining One

Shops:
D:5 *   D:6 *

Annotations:
D:12 Azrael


Innate Abilities, Weirdness & Mutations

You are resistant to torment.
Your stone body is resilient. (AC +7)
You are immune to poison.
You resist negative energy. (rN+)
You are resistant to electric shocks. (rElec)
You can survive without breathing.
You are immune to petrification.
You are immune to rotting.


Message History

You slice Azrael!!
Azrael is severely wounded.
Azrael gestures at you. The bolt of fire hits you! You resist.
* * * LOW HITPOINT WARNING * * *
The fire elemental hits you. The fire elemental burns you! You resist.
* * * LOW HITPOINT WARNING * * *
The fire elemental closely misses you.
Uskayaw will force your foes to share their pain.
Uskayaw links your audience in an emotional bond!
Okay, then.
Okay, then.
Okay, then.
You hit Azrael but do no damage.
Azrael is severely wounded.
Azrael gestures at you. The bolt of fire hits you! You resist.
* * * LOW HITPOINT WARNING * * *
The fire elemental hits you. The fire elemental burns you! You resist.
You die...

#########......#####.#
#.........# #
#.#.......# #
#.......# #.......#
.#.......# ..........#
# #..###....####...#
##. #....@Eh..... #
#.#..REE.....
....###h...... #.#.#
.#...%. #.## ..###.. #
..# . .#. ..#.


You could see Azrael, 3 fire elementals and 2 hell hounds.

Vanquished Creatures
  2 two-headed ogres
  A queen ant (D:11)
  A centaur zombie (D:12)
  Grinder (D:4)
  A hornet (D:9)
  Sigmund (D:6)
  2 hippogriffs
  2 wyverns
  9 yaks
  A fire elemental (D:12)
  A hungry ghost (D:9)
  8 soldier ants
  2 hell hounds (D:12)
  A water moccasin (D:5)
  2 sky beasts
  An orc warrior (D:9)
  2 ice beasts
  4 phantoms
  7 ogres
  A centaur (D:6)
  A big kobold (D:8)
  4 bullfrogs
  A gnoll sergeant (D:9)
  2 scorpions
  2 water moccasin skeletons
  5 crimson imps
  A quasit (D:8)
  2 jellies
  3 orc priests
  6 hounds
  2 bullfrog skeletons
  2 centaur skeletons
  4 iguanas
  28 worker ants
  Natasha (thrice) (D:3)
  7 orc wizards
  3 big kobold zombies (Ossuary)
  5 mummies
  6 gnolls
  15 adders
  2 shadow imps
  2 oozes (D:2)
  An adder zombie (D:8)
  An adder skeleton (D:7)
  3 worms
  2 dart slugs (D:1)
  6 leopard geckos
  35 orcs
  5 ball pythons
  7 bats
  4 giant cockroaches
  10 goblins
  8 hobgoblins
  3 jackals (D:6)
  3 quokkas
  A ball python skeleton (D:4)
  A hobgoblin zombie (D:4)
  2 jackal skeletons (D:5)
  11 kobolds
  A leopard gecko zombie (D:6)
  7 rats
267 creatures vanquished.

Notes
Turn   | Place    | Note
-------+----------+-------------------------------------------
     0 | D:1      | motkurip the Gargoyle Fighter began the quest for the Orb.
     0 | D:1      | Reached XP level 1. HP: 14/14 MP: 1/1
   151 | D:1      | Reached XP level 2. HP: 17/19 MP: 2/2
   349 | D:1      | Reached XP level 3. HP: 19/24 MP: 3/3
   591 | D:2      | Reached XP level 4. HP: 22/29 MP: 4/4
  1011 | D:3      | Reached XP level 5. HP: 29/33 MP: 5/5
  1272 | D:3      | Noticed Natasha
  1278 | D:3      | Killed Natasha
  1299 | D:4      | Found a sand-covered staircase.
  1314 | Ossuary  | Entered an ossuary
  1323 | Ossuary  | Reached XP level 6. HP: 11/39 MP: 6/6
  1446 | D:3      | Noticed Natasha
  1454 | D:3      | Killed Natasha
  1603 | D:3      | Noticed Natasha
  1619 | D:3      | Killed Natasha
  1645 | D:4      | Found a sparkling altar of Nemelex Xobeh.
  1648 | D:4      | Found a shadowy altar of Dithmenos.
  1651 | D:4      | Found a snail-covered altar of Cheibriados.
  1659 | D:4      | Found a deep blue altar of Sif Muna.
  1670 | D:4      | Found a hazy altar of Hepliaklqana.
  1788 | D:4      | Noticed Grinder
  1811 | D:4      | Killed Grinder
  1811 | D:4      | Reached skill level 5 in Fighting
  1811 | D:4      | Reached skill level 5 in Shields
  1811 | D:4      | Reached XP level 7. HP: 16/44 MP: 7/7
  1897 | D:4      | Reached skill level 5 in Armour
  1912 | D:4      | Reached skill level 5 in Axes
  1958 | D:5      | Entered Level 5 of the Dungeon
  2047 | D:5      | Reached XP level 8. HP: 31/50 MP: 8/8
  2057 | D:5      | Found Decs's Serpentskin Sales.
  2101 | D:5      | Got a transparent copper ring
  2174 | D:5      | Found a stormy altar of Qazlal.
  2272 | D:6      | Found the +12 glaive of Prune {chop}
  2298 | D:6      | Identified the ring of Xom's Sleight of Hands {rPois rF+ Dex+4 Slay+3} (You found it on level 5 of the Dungeon)
  2374 | D:5      | Reached skill level 1 in Polearms
  2375 | D:5      | Found a staircase to the Ecumenical Temple.
  2392 | Temple   | Entered the Ecumenical Temple
  2453 | Temple   | Became a worshipper of Uskayaw the Reveler
  2602 | D:5      | Reached * piety under Uskayaw
  2606 | D:5      | Reached ** piety under Uskayaw
  2776 | D:6      | Found Zin's Purification Station.
  2780 | D:6      | Reached XP level 9. HP: 43/56 MP: 9/9
  2781 | D:6      | Found a glowing silver altar of Zin.
  2823 | D:6      | Noticed Sigmund
  2828 | D:6      | Killed Sigmund
  2970 | D:7      | Reached *** piety under Uskayaw
  3171 | D:8      | Noticed a two-headed ogre
  3175 | D:8      | Killed a two-headed ogre
  3175 | D:8      | Reached skill level 5 in Polearms
  3206 | D:8      | Reached **** piety under Uskayaw
  3249 | D:8      | Found a glowing golden altar of the Shining One.
  3300 | D:8      | Found a shimmering altar of Xom.
  3329 | D:7      | Found a bloodstained altar of Trog.
  3369 | D:8      | Found a staircase to the Lair.
  3450 | D:8      | Reached XP level 10. HP: 64/64 MP: 10/10
  3604 | D:7      | Found a burning altar of Makhleb.
  3605 | D:7      | Found a radiant altar of Vehumet.
  3674 | D:9      | Reached ***** piety under Uskayaw
  3680 | D:9      | Reached ****** piety under Uskayaw
  4159 | D:10     | Entered Level 10 of the Dungeon
  4190 | D:10     | Identified Sugaum's Catalogue of Confrontation and Calling
  4743 | D:11     | Noticed a two-headed ogre
  4746 | D:11     | Killed a two-headed ogre
  4746 | D:11     | Reached XP level 11. HP: 72/72 MP: 11/11
  4814 | D:11     | Noticed a queen ant
  4825 | D:11     | Killed a queen ant
  4827 | D:11     | Reached skill level 10 in Fighting
  4841 | D:11     | Got an amethyst-encrusted chain mail
  4886 | D:11     | Identified the +1 chain mail of Ureesi {*Corrode rPois Str+4 Int+6} (You found it on level 11 of the Dungeon)
  5181 | D:12     | Reached skill level 1 in Invocations
  5268 | D:12     | Reached skill level 10 in Armour
  5286 | D:12     | Noticed Azrael
  5294 | D:12     | HP: 2/72 [Azrael/bolt of fire (2)]
  5294 | D:12     | Slain by a fire elemental

Vault maps used:
D:1:      minmay_arrival_five_plusses, minmay_stone_trees_medium,
          minmay_crystal_water
D:2:      first_bread
D:3:      uniq_natasha
D:4:      kennysheep_mini, grunt_temple_overflow_cloverleaf,
          portal_sewer_entry_e, nicolae_ossuary_entry_giza, uniq_grinder
D:5:      old_standard_altar, minmay_temple_entry_purple_smoke,
          guppyfry_shop_venom
D:6:      zin_purify, uniq_sigmund, uniq_pikel
D:7:      grunt_temple_overflow_lords_of_destruction,
          nicolae_overflow_hidden_temple, marbit_many_paths
D:8:      overflow_temple_1_default, xom_butterflies, lair_entry_dummy
D:9:      minmay_goldmine, hangedman_pestilent_swarm
D:11:     minmay_orc_entry_guard_dogs, zaba_antful_of_joy
D:12:     grunt_decor_one_mirror, uniq_azrael, uniq_psyche
Temple:   compressed_dpeg_triangle_lava_temple
Ossuary:  ossuary_the_hunt_dpeg

Skill      XL: |  1  2  3  4  5  6  7  8  9 10 11 |
---------------+----------------------------------+-----
Axes           | 2 3 4 5 |  5.7
Fighting       | 4 5 6 8 9 10 | 10.1
Armour         | 4 5 6 8 9 10 | 10.0
Shields        | 4 5 |  5.8
Polearms       | 2 5 8 9 |  9.6
Invocations    | 2 |  2.1

Action                   |  1- 3 |  4- 6 |  7- 9 | 10-12 || total
-------------------------+-------+-------+-------+-------++-------
Melee: War axe           |    98 |   190 |   119 |       ||   407
       Glaive            |       |       |    90 |   237 ||   327
Evoke: Wand              |       |       |     3 |       ||     3
  Use: Potion            |       |     4 |       |       ||     4
       Scroll            |       |     5 |     5 |     2 ||    12
 Stab: Confused          |       |       |     2 |       ||     2
       Paralysed         |       |       |     3 |    12 ||    15
  Eat: Chunk             |       |     3 |     2 |     7 ||    12
       Royal jelly       |       |       |     2 |     1 ||     3
Armor: Scale mail        |    60 |    85 |    69 |       ||   214
       Chain mail        |       |       |    41 |   183 ||   224
Dodge: Dodged            |    38 |    48 |    72 |    76 ||   234
Block: Shield            |    62 |    86 |    71 |       ||   219

Table legend:
 A = Spawn XP
 B = Non-spawn XP
 C = Spawn XP percentage of total XP
 D = Spawn monster count
 E = Non-spawn monster count
 F = Spawn count percentage of total count
 G = Total turns spent on level
                    A         B        C        D         E        F      G
               +---------+---------+-------+---------+---------+-------+---------
         Total |       0 |   14680 |   0.0 |       0 |     267 |   0.0 |  5294
               +---------+---------+-------+---------+---------+-------+---------
           D:1 |       0 |      34 |   0.0 |       0 |      18 |   0.0 |   398
           D:2 |       0 |      78 |   0.0 |       0 |      23 |   0.0 |   463
           D:3 |       0 |     234 |   0.0 |       0 |      25 |   0.0 |   525
           D:4 |       0 |     555 |   0.0 |       0 |      13 |   0.0 |   487
           D:5 |       0 |     866 |   0.0 |       0 |      29 |   0.0 |   499
           D:6 |       0 |     883 |   0.0 |       0 |      20 |   0.0 |   347
           D:7 |       0 |     308 |   0.0 |       0 |       8 |   0.0 |   313
           D:8 |       0 |    1839 |   0.0 |       0 |      20 |   0.0 |   452
           D:9 |       0 |    2920 |   0.0 |       0 |      42 |   0.0 |   502
          D:10 |       0 |       2 |   0.0 |       0 |       1 |   0.0 |   379
          D:11 |       0 |    4950 |   0.0 |       0 |      48 |   0.0 |   637
          D:12 |       0 |    1864 |   0.0 |       0 |      13 |   0.0 |   119
       Ossuary |       0 |     147 |   0.0 |       0 |       7 |   0.0 |    96
               +---------+---------+-------+---------+---------+-------+---------
